 Dungeon Crawl Stone Soup version 0.28.0 (webtiles) character file.

Game seed: 10677742064935922705

46 browni3141 the Ducker (level 3, -3/30 HPs)
             Began as a Djinni Monk on Feb 16, 2022.
             Slain by an orc (4 damage)
             ... on level 2 of the Dungeon.
             The game lasted 00:00:44 (1543 turns).

browni3141 the Ducker (Djinni Monk)                 Turns: 1543, Time: 00:00:45

Health: -3/30      AC:  3    Str: 10    XL:     3   Next: 92%
Gold:   80         EV: 13    Int: 13    God:
                   SH:  0    Dex: 15

rFire   + + .      SeeInvis .   a - +0 hand axe
rCold   x . .      Faith    .   (no shield)
rNeg    . . .      Spirit   .   b - +0 robe
rPois   ∞          Reflect  .   (no helmet)
rElec   .          Harm     .   (no cloak)
rCorr   .          Rampage  .   h - +0 pair of gloves
Will    .....                   (boots unavailable)
Stlth   ++........              (no amulet)
HPRegen 0.10/turn               (no ring)
MPRegen 0.00/turn               (no ring)

@: flying
A: sickness immunity, fire resistance 2, cold vulnerability 1, float, innate
caster, HP casting, extra vitality 1
a: no special abilities


You were on level 2 of the Dungeon.
You visited 1 branch of the dungeon, and saw 2 of its levels.

You collected 80 gold pieces.

Inventory:

Hand Weapons
 a - a +0 hand axe (weapon)
Missiles
 k - 2 throwing nets (quivered)
Armour
 b - a +0 robe (worn)
 h - a +0 pair of gloves (worn)
Wands
 l - a wand of flame (15)
Scrolls
 c - 3 scrolls of identify {unknown}
 d - a scroll of torment {unknown}
 i - a scroll of enchant weapon {unknown}
 j - a scroll of teleportation {unknown}
Potions
 e - a potion of mutation {unknown}
 f - a potion of cancellation {unknown}
 g - a potion of curing {unknown}


   Skills:
 + Level 3.4 Fighting
 + Level 2.8 Axes
 + Level 3.7 Dodging
 + Level 2.1 Stealth


You had one spell level left.
You knew the following spells:

 Your Spells              Type           Power      Damage    Failure   Level
a - Shock                 Conj/Air       0%         1d3       30%         1
Your spell library was empty.

Dungeon Overview and Level Annotations

Branches:
Dungeon (2/15)

Altars:
Dithmenos


Innate Abilities, Weirdness & Mutations

You are immune to sickness and miasma.
You are immune to poison.
Your flesh is very heat resistant. (rF++)
You are vulnerable to cold. (rC-)
You float through the air rather than walking.
You learn spells naturally, not from books.
Your magical power is your life essence.
You have superior vitality. (+4 MHP)


Message History

You hit the orc but do no damage. The orc barely misses you.
The orc closely misses you. The orc hits you with a +0 club.
You hit the orc.
You kill the orc!
You hit the orc.
You kill the orc!
The orc closely misses you.
Things that are here:
a +0 mace; a +0 leather armour The orc barely misses you.
The orc closely misses you.
You hit the orc.
The orc is heavily wounded.
The orc hits you with a +0 mace. The orc misses you.
The orc hits you with a +0 trident.
You closely miss the orc.
The orc is lightly wounded.
You closely miss the orc. The orc hits you with a +0 mace.
The orc hits you with a +0 trident.
The orc hits you from afar with a +0 trident.
* * * LOW HITPOINT WARNING * * *
You are too injured to fight recklessly!
You are too injured to fight recklessly!
The orc hits you with a +0 mace!
* * * LOW HITPOINT WARNING * * *
The orc completely misses you.
You are too injured to fight recklessly!
The orc closely misses you. x2
The orc barely misses you.
You are too injured to fight recklessly!
You are too injured to fight recklessly!
The orc barely misses you. x2
You are too injured to fight recklessly!
The orc closely misses you.
You are too injured to fight recklessly!
You are too injured to fight recklessly!
You barely miss the orc.
The orc is lightly wounded.
You closely miss the orc. The orc hits you but does no damage.
The orc hits you with a +0 trident.
You die...

#.#.......###
#.#.#.......#
#.#.......#.#
#.....#...#.#
#...#.#.....#
##..#.#######
#....#
#########.##.#
#....o@.))##.#
###
####....o.......#
...
..........)..####
...
...#.........#
... ++
###.......# ...
##......# ..#
##.....# .##
##....# ## ######


You could see 2 orcs.

Vanquished Creatures
  An adder (D:2)
  A worm (D:2)
  2 dart slugs
  2 orcs (D:2)
  3 ball pythons (D:1)
  A giant cockroach (D:2)
  A goblin (D:1)
  2 hobgoblins
  2 quokkas (D:1)
  4 bats
  3 frilled lizards
  4 kobolds
  A rat (D:2)
27 creatures vanquished.

Notes
Turn   | Place    | Note
-------+----------+-------------------------------------------
     0 | D:1      | browni3141 the Djinni Monk began the quest for the Orb.
     0 | D:1      | Reached XP level 1. HP: 20/20 MP: 0/0
   481 | D:1      | Reached XP level 2. HP: 25/25 MP: 0/0
   722 | D:1      | Found a faded altar of an unknown god.
   924 | D:2      | Found a shadowy altar of Dithmenos.
   944 | D:2      | Reached XP level 3. HP: 29/30 MP: 0/0
   944 | D:2      | Learned a level 1 spell: Shock
  1538 | D:2      | HP: 1/30 [orc (7)]
  1543 | D:2      | Slain by an orc

Illustrated notes

Levels and vault maps discovered:
D:1:      minmay_arrival_semitransparent, layout_loops_cross,
          ebering_ecumenical_altar_hall, hangedman_decor_push
D:2:      layout_basic, basic_altar, kennysheep_cluttered_room,
          minmay_tromino_i4

Skill      XL: |  1  2 |
---------------+-------+-----
Stealth        | 2 |  2.1
Fighting       | |  3.4
Axes           | |  2.8
Dodging        | |  3.7

Action                   || total
-------------------------++-------
Melee: Hand axe          ||    85
       Punch             ||     1
 Stab: Sleeping          ||     1
Armor: Robe              ||    14
Dodge: Dodged            ||    80
